 Dungeon Crawl Stone Soup version 0.28.0 (webtiles) character file.

Game seed: 14238403821628225608

2055 HallandMoats the Skirmisher (level 9, -3/78 HPs)
             Began as a Ghoul Monk on Feb 8, 2022.
             Was a Priest of Okawaru.
             Slain by an eight-headed hydra (13 damage)
             ... on level 6 of the Dungeon.
             The game lasted 00:08:47 (5314 turns).

HallandMoats the Skirmisher (Ghoul Monk)            Turns: 5314, Time: 00:08:48

Health: -3/78      AC: 11    Str: 19    XL:     9   Next: 25%
Magic:  10/10      EV: 14    Int:  5    God:    Okawaru [***...]
Gold:   330        SH:  0    Dex: 20    Spells: 8/8 levels left

rFire   + . .      SeeInvis .   a - +6 mace "Kaisiogat" {spect, rF+ Will+ Dex+3}
rCold   + . .      Faith    +   (no shield)
rNeg    + + +      Spirit   .   j - +0 ring mail
rPois   ∞          Reflect  .   (no helmet)
rElec   .          Harm     .   (no cloak)
rCorr   .          Rampage  .   (no gloves)
Will    +....                   e - +0 pair of boots
Stlth   ++........              f - amulet of faith
HPRegen 0.00/turn               c - +4 ring of protection
MPRegen 0.12/turn               d - +6 ring of dexterity

@: about to teleport, inhibited regen
A: claws 1, cold resistance 1, negative energy resistance 3, inhibited
regeneration, torment resistance 2
a: Renounce Religion, Heroism


You were on level 6 of the Dungeon.
You worshipped Okawaru.
Okawaru was most pleased with you.
You visited 2 branches of the dungeon, and saw 7 of its levels.

You collected 330 gold pieces.

Inventory:

Hand Weapons
 a - the +6 mace "Kaisiogat" (weapon) {spect, rF+ Will+ Dex+3}
   (You found it on level 2 of the Dungeon)

   When its wielder attacks, the weapon's spirit leaps out and strikes again.
   The spirit shares a part of any damage it takes with its wielder.
   Dex:       It affects your dexterity (+3).
   rF:        It protects you from fire.
   Will:      It increases your willpower.
Armour
 e - a +0 pair of boots (worn)
 j - a +0 ring mail (worn)
 t - a +0 kite shield
Jewellery
 c - a +4 ring of protection (left claw)
 d - a +6 ring of dexterity (right claw)
 f - an amulet of faith (around neck)
 m - a ring of ice
 p - a ring of fire
Wands
 n - a wand of polymorph (9)
Scrolls
 g - 2 scrolls of identify
 h - 2 scrolls of immolation
 i - 2 scrolls of teleportation
 l - 2 scrolls of enchant armour
 q - 3 scrolls of amnesia
Potions
 b - 2 potions of curing {unknown}
 k - 3 potions of might {unknown}
 o - a potion of heal wounds {unknown}
 r - 2 potions of degeneration {unknown}
 s - 2 potions of lignification {unknown}
 u - a potion of haste {unknown}


   Skills:
 * Level 6.8 Fighting
 * Level 4.5 Maces & Flails
 * Level 4.6 Armour
 * Level 5.5 Dodging
 - Level 2.1 Stealth
 + Level 2.8 Shields
 - Level 3.8 Unarmed Combat
 + Level 3.4 Invocations


You had 8 spell levels left.
You didn't know any spells.
Your spell library contained the following spells:

 Spells                   Type           Power      Damage    Failure   Level
 Apportation              Tloc           0%         N/A       65%         1
 Ozocubu's Armour         Ice            0%         N/A       95%         3
 Stone Arrow              Conj/Erth      0%         3d7       95%         3
 Alistair's Intoxication  Tmut/Pois      0%         N/A       100%        5
 Borgnjor's Vile Clutch   Necr/Erth      0%         N/A       100%        5
 Eringya's Noxious Bog    Tmut/Pois      0%         N/A       100%        6
 Ozocubu's Refrigeration  Ice            0%         4d5       100%        7
 Lehudib's Crystal Spear  Conj/Erth      0%         10d2      100%        8
 Statue Form              Tmut/Erth      Unusable   N/A       N/A         6

Dungeon Overview and Level Annotations

Branches:
Dungeon (6/15)             Temple (1/1) D:4

Altars:
Ashenzari
Cheibriados
Dithmenos
Elyvilon
Fedhas
Gozag
Hepliaklqana
Kikubaaqudgha
Makhleb
Nemelex Xobeh
Okawaru
Qazlal
Ru
Sif Muna
Trog
Uskayaw
Vehumet
Wu Jian
Xom
Yredelemnul
Zin
The Shining One

Shops:
D:3 [   D:4 =


Innate Abilities, Weirdness & Mutations

You thrive by killing the living.
You are immune to poison.
You have sharp fingernails.
Your flesh is cold resistant. (rC+)
You are immune to negative energy. (rN+++)
You do not regenerate when monsters are visible.
You are immune to unholy pain and torment.


Message History

No target in view!
No target in view!
No target in view!
You see here a scorpion corpse.
An eight-headed hydra is nearby!
The eight-headed hydra roars!
An eight-headed hydra is nearby!
A wight comes into view. It is wielding a +0 scimitar.
The eight-headed hydra barely misses you.
The eight-headed hydra closely misses you.
The eight-headed hydra bites you. x2
The eight-headed hydra bites you but does no damage. x3
The eight-headed hydra bites you!
There are monsters nearby!
You sock the eight-headed hydra!
The eight-headed hydra is lightly wounded.
The eight-headed hydra bites you but does no damage. x2
The eight-headed hydra bites you. The eight-headed hydra bites you!
The eight-headed hydra barely misses you.
The eight-headed hydra bites you. x2
The eight-headed hydra barely misses you.
The eight-headed hydra bites you but does no damage.
The eight-headed hydra bites you. The eight-headed hydra bites you!
The eight-headed hydra bites you but does no damage.
The eight-headed hydra bites you!
* * * LOW HITPOINT WARNING * * *
The eight-headed hydra misses you.
The eight-headed hydra bites you but does no damage.
The eight-headed hydra closely misses you.
As you read the scroll of teleportation, it crumbles to dust.
You feel strangely unstable.
The eight-headed hydra barely misses you.
The eight-headed hydra misses you. The eight-headed hydra bites you.
* * * LOW HITPOINT WARNING * * *
The eight-headed hydra closely misses you.
The eight-headed hydra bites you but does no damage.
The eight-headed hydra closely misses you.
The eight-headed hydra barely misses you.
The eight-headed hydra bites you!
You die...

.................#...#...#
................#.#.#.#.#
..................†#...#
...)............#.#[#.#.#
.................#...#...#
######..........#.#.#.#.#.#
#............z#...#...#
######..........#D#.#.#.#.#.#
#...#####.#####.@#...#...#...#
.....## #.# ###.#.#.#.#.#.#.
......# #.# ####.#######
......# #.# # ..)...###.#####
.....##.......####
#...###...........
##'####.........#
......#.........#


You could see an eight-headed hydra and a wight.

Vanquished Creatures
  Pikel (D:4)
  A black bear (D:6)
  A necrophage (D:6)
  A centaur (D:6)
  3 ogres
  A phantom (D:4)
  4 lemures (D:3)
  A kobold brigand (D:6)
  2 scorpions
  A wyvern skeleton (D:6)
  A bullfrog zombie (D:5)
  2 centaur zombies (D:5)
  3 hounds
  Jessica (D:2)
  7 iguanas
  A scorpion zombie (D:5)
  A killer bee zombie (D:5)
  2 hound zombies (D:5)
  A hound skeleton (D:5)
  4 gnolls (D:5)
  A howler monkey skeleton (D:5)
  13 adders
  A shadow imp (D:6)
  2 white imps (D:6)
  2 ufetubi
  An adder skeleton (D:4)
  6 dart slugs
  3 worms
  3 orcs
  7 endoplasms
  7 goblins
  10 hobgoblins
  4 jackals (D:5)
  A quokka (D:1)
  6 ball pythons
  6 bats
  3 frilled lizards (D:1)
  13 kobolds
  4 rats
132 creatures vanquished.

Notes
Turn   | Place    | Note
-------+----------+-------------------------------------------
     0 | D:1      | HallandMoats the Ghoul Monk began the quest for the Orb.
     0 | D:1      | Reached XP level 1. HP: 19/19 MP: 0/0
   200 | D:1      | Reached XP level 2. HP: 26/26 MP: 1/1
   356 | D:1      | Reached XP level 3. HP: 31/31 MP: 2/2
   526 | D:1      | Reached skill level 1 in Armour
   801 | D:2      | Identified the +6 mace "Kaisiogat" {spect, rF+ Will+ Dex+3}
   841 | D:2      | Reached XP level 4. HP: 40/40 MP: 3/3
   970 | D:2      | Found a faded altar of an unknown god.
  1318 | D:2      | Noticed Jessica
  1322 | D:2      | Killed Jessica
  1323 | D:2      | Reached skill level 4 in Fighting
  1323 | D:2      | Reached skill level 1 in Maces & Flails
  1377 | D:2      | Reached XP level 5. HP: 46/46 MP: 4/4
  1419 | D:2      | Found a bloodstained altar of Trog.
  1610 | D:3      | Found Symuodwe's Antique Armour Shoppe.
  2010 | D:4      | Noticed Pikel
  2010 | D:4      | Noticed a lemure
  2010 | D:4      | Noticed a lemure
  2010 | D:4      | Noticed a lemure
  2010 | D:4      | Noticed a lemure
  2010 | D:4      | Found Qehiown's Jewellery Boutique.
  2020 | D:3      | Killed a lemure
  2102 | D:3      | Killed a lemure
  2261 | D:3      | Killed a lemure
  2262 | D:3      | Killed a lemure
  2340 | D:4      | Killed Pikel
  2341 | D:4      | Reached skill level 5 in Fighting
  2341 | D:4      | Reached skill level 1 in Shields
  2341 | D:4      | Reached skill level 1 in Invocations
  2341 | D:4      | Reached XP level 6. HP: 51/56 MP: 4/6
  2341 | D:4      | Reached XP level 7. HP: 56/61 MP: 4/7
  2451 | D:4      | Found a staircase to the Ecumenical Temple.
  2478 | Temple   | Entered the Ecumenical Temple
  2904 | Temple   | Became a worshipper of Warmaster Okawaru
  2904 | Temple   | Reached * piety under Okawaru
  2904 | Temple   | Reached ** piety under Okawaru
  3212 | D:4      | Reached XP level 8. HP: 69/69 MP: 8/8
  3408 | D:5      | Entered Level 5 of the Dungeon
  3719 | D:5      | Got the Handbook of Ashen Orientation
  3731 | D:5      | Found a basalt altar of Yredelemnul.
  3731 | D:5      | Found a bloodstained altar of Trog.
  3847 | D:5      | Identified the +7 plate armour "Beshiem" {Fly Str-4 Dex+2}
  3942 | D:5      | Reached skill level 6 in Fighting
  4215 | D:5      | Reached skill level 5 in Dodging
  4480 | D:6      | Reached *** piety under Okawaru
  4694 | D:6      | Reached XP level 9. HP: 73/78 MP: 10/10
  4774 | D:6      | Identified the +1 leather armour "Kapneg" {Harm Drain SInv
                  | Stlth+}
  4867 | D:6      | Noticed an eight-headed hydra
  5314 | D:6      | Slain by an eight-headed hydra

Illustrated notes

Levels and vault maps discovered:
D:1:      erik_arrival_blinker_ship, layout_basic, serial_curves,
          eino_curves_01, eino_curves_01
D:2:      layout_basic, chequers_ecumenical_altar_grove, basic_altar,
          uniq_jessica
D:3:      layout_basic, serial_shops, shop, minmay_misc_feat_columns
D:4:      layout_loops_cross, minmay_temple_entry_ruins, nicolae_stop_n_shop_2,
          uniq_pikel
D:5:      layout_loops_ring, gammafunk_temple_overflow_elements, serial_undead,
          serial_undead_f, serial_undead_b, serial_undead_d, serial_undead_a,
          serial_undead_d, hangedman_decor_slide_cut, minmay_misc_feat_doors
D:6:      kennysheep_six_static_rooms, layout_basic, serial_shops, shop_statue,
          kennysheep_crisscross
Temple:   mainiacjoe_temple_big_plus

Skill      XL: |  1  2  3  4  5  6  7  8 |
---------------+-------------------------+-----
Dodging        | 3 4 5 |  5.5
Armour         | 1 3 4 |  4.6
Fighting       | 4 5 6 |  6.8
Maces & Flails | 1 2 3 4 |  4.5
Shields        | 1 2 |  2.8
Invocations    | 1 2 3 |  3.4
Stealth        | |  2.1
Unarmed Combat | |  3.8

Action                   |  1- 3 |  4- 6 |  7- 9 || total
-------------------------+-------+-------+-------++-------
Melee: Unarmed           |    64 |       |       ||    64
       Mace              |     1 |    56 |   134 ||   191
       Punch             |       |     1 |     6 ||     7
Invok: Heroism           |       |       |     1 ||     1
  Use: Scroll            |       |       |     9 ||     9
 Stab: Sleeping          |     4 |     1 |     2 ||     7
       Distracted        |       |       |     2 ||     2
Armor: Robe              |    12 |       |       ||    12
       Ring mail         |    14 |    21 |    92 ||   127
Dodge: Dodged            |    35 |    28 |   160 ||   223
